 Dungeon Crawl Stone Soup version 0.13.0-18-g7b03ea5 (webtiles) character file.

4593 Malachi the Basher (level 10, -7/92 HPs)
             Began as a Troll Berserker on Oct 23, 2013.
             Was a High Priest of Trog.
             Mangled by an orange rat (11 damage)
             ... on Level 8 of the Dungeon.
             The game lasted 00:14:40 (5535 turns).

Malachi the Basher (Troll Berserker)                Turns: 5535, Time: 00:14:40

HP  -7/92        AC  7     Str 30      XL: 10   Next:  6%
MP   3/3         EV 10     Int  3      God: Trog [*****.]
Gold 467         SH  0     Dex  9      Spells:  0 memorised,  9 levels left

Res.Fire  : . . .   See Invis. : .   j - +0,+1 giant club
Res.Cold  : . . .   Warding    : .   b - +1 animal skin
Life Prot.: . . .   Conserve   : .   (shield restricted)
Res.Poison: +       Res.Corr.  : .   (helmet restricted)
Res.Elec. : .       Clarity    : .   o - +0 cloak
Sust.Abil.: . .     Spirit.Shd : .   (gloves unavailable)
Res.Mut.  : .       Stasis     : .   (boots unavailable)
Res.Rott. : .       Flight     : .   (no amulet)
Gourmand  : +                        (no ring)
                                     i - ring of poison resistance

@: exhausted, slowed, very slow, somewhat resistant to hostile enchantments,
unstealthy
A: unfitting armour, claws 3, breathe flames 1, fast metabolism 3, gourmand,
regeneration 2, saprovore 2, tough skin 2, AC +1
a: Burn Spellbooks, Berserk, Trog's Hand, Brothers in Arms, Renounce Religion,
Breathe Fire


You were on level 8 of the Dungeon.
You worshipped Trog.
Trog was extremely pleased with you.
You were not hungry.

You visited 1 branch of the dungeon, and saw 8 of its levels.

You collected 447 gold pieces.

Inventory:

Hand weapons
 a - a +1,+0 mace
 e - a +2,+2 flail of holy wrath
 j - a +0,+1 giant club (weapon)
 v - the +2,+7 giant spiked club of Dunoh {flame, Hunger Stlth}
   (Trog gifted it to you on level 7 of the Dungeon)

   It emits flame when wielded, causing extra injury to most foes and up to
   double damage against particularly susceptible opponents.
   It speeds your metabolism.
   It makes you more stealthy.
Armour
 b - a +1 animal skin (worn)
 o - a +0 cloak (worn)
Magical devices
 n - a wand of slowing (4)
 u - a wand of fire (6) {unknown}
Comestibles
 c - 2 meat rations
 k - a sausage
 m - 5 bread rations
 r - a pear
Scrolls
 d - 9 scrolls of identify
 g - a scroll of enchant weapon I
 h - 5 scrolls of remove curse
 p - 3 scrolls of magic mapping
Jewellery
 i - a ring of poison resistance (left claw)
 l - an uncursed ring of fire
Potions
 f - 4 potions of curing
 q - 5 potions of brilliance
 t - a potion of restore abilities


   Skills:
 - Level 2.4 Fighting
 * Level 13.1 Maces & Flails
 - Level 2.6 Dodging
 - Level 0.9 Stealth


You had 9 spell levels left.
You didn't know any spells.

Dungeon Overview and Level Annotations

Branches:
Dungeon (8/27)             Temple (0/1) D:4
    Orc: D:6-11        Lair: D:8-13

Altars:
Cheibriados
Fedhas
Nemelex Xobeh
Okawaru
the Shining One

Shops:
D:4 +


Innate Abilities, Weirdness & Mutations

You are too large for most types of armour.
You have claws for hands.
Your metabolism is lightning-fast.
You like to eat raw meat.
You heal very quickly.
You can eat rotten meat.
You are covered in fur (AC +1).
You have very tough skin (AC +2).
You can breathe flames.


Message History

The green rat dies!
Trog accepts your collateral kill.
The orange rat bites you.
* * * LOW HITPOINT WARNING * * *
A killer bee comes into view.
The killer bee buzzes angrily.
The elephant closely misses you. The elephant trunk-slaps you.
* * * LOW HITPOINT WARNING * * *
2 killer bees come into view.
The killer bee buzzes angrily.
Your ogre hits the elephant with a giant club!
The killer bee moves out of view.
Your ogre hits the elephant with a giant club!
A killer bee comes into view.
Read which item? (? for menu, Esc to quit)
As you read the scroll labeled NIROUN EVACYPO, it crumbles to dust.
Your +0,+0 giant club glows red for a moment.
It was a scroll of enchant weapon II.
The killer bee barely misses you. The orange rat bites you!
You die...

.... #.....#
#..k..###
#.........
#..k.......
#...........
######...........
........k.........
........@rY..#
..########...#
#.O.# +%..# .
#...# ... #...#
#...#
#...#####...#
#...........#
#####...........#


You could see an elephant, an orange rat, 3 killer bees and a friendly ogre
(berserk).

Vanquished Creatures
  3 elephants (D:8)
  The ghost of inmateoo the Chopper, an experienced MiDK of Yredelemnul (D:5)
  Edmund (D:6)
  A phantom (D:5)
  3 ogres
  3 centaurs
  Duvessa (D:6)
  3 giant frogs (D:6)
  8 killer bees
  3 wights (D:7)
  4 goliath beetles
  Dowan (D:6)
  3 crimson imps
  2 hounds (D:6)
  A giant frog skeleton (D:6)
  2 orc priests (D:6)
  An iguana (D:6)
  2 worker ants
  2 orc wizards
  A scorpion (D:7)
  Ijyb (D:7)
  A hound skeleton (D:4)
  10 adders
  A giant centipede (D:5)
  A worm zombie (D:5)
  6 giant mites
  2 worms
  An adder skeleton (D:6)
  A giant eyeball (D:6)
  3 oozes
  14 orcs
  A bat zombie (D:5)
  7 giant cockroaches
  10 goblins
  22 hobgoblins
  A ball python (D:1)
  14 bats
  5 giant geckos
  A giant gecko zombie (D:7)
  3 giant newts
  13 kobolds
  An orc skeleton (D:6)
  3 quokkas
  A quokka skeleton (D:7)
  7 rats
  A plant (D:2)
177 creatures vanquished.

Vanquished Creatures (collateral kills)
  2 elephants (D:8)
  A green rat (D:8)
  A rat (D:8)
4 creatures vanquished.

Grand Total: 181 creatures vanquished

Notes
Turn   | Place    | Note
--------------------------------------------------------------
     0 | D:1      | Malachi, the Troll Berserker, began the quest for the Orb.
     0 | D:1      | Reached XP level 1. HP: 23/23 MP: 0/0
   112 | D:1      | Reached skill level 3 in Maces & Flails
   209 | D:1      | Reached XP level 2. HP: 31/31 MP: 0/0
   484 | D:1      | Acquired Trog's second power
   866 | D:2      | Reached XP level 3. HP: 35/37 MP: 1/1
   943 | D:2      | Reached skill level 4 in Maces & Flails
   980 | D:2      | Found a blossoming altar of Fedhas.
  1389 | D:2      | Reached XP level 4. HP: 43/46 MP: 1/1
  1693 | D:3      | Found a sparkling altar of Nemelex Xobeh.
  1912 | D:3      | Reached skill level 5 in Maces & Flails
  2018 | D:3      | Reached XP level 5. HP: 32/53 MP: 1/1
  2301 | D:4      | Found Ojufum's Book Emporium.
  2564 | D:4      | Found a staircase to the Ecumenical Temple.
  2817 | D:5      | Entered Level 5 of the Dungeon
  2861 | D:5      | Noticed a phantom
  2874 | D:5      | Noticed inmateoo's ghost (experienced MiDK)
  2887 | D:5      | Killed inmateoo's ghost
  2887 | D:5      | Reached skill level 7 in Maces & Flails
  2887 | D:5      | Reached XP level 6. HP: 42/61 MP: 2/2
  2887 | D:5      | Reached XP level 7. HP: 47/68 MP: 2/2
  2904 | D:5      | Killed a phantom
  3129 | D:5      | Lost intelligence.
  3483 | D:5      | Reached skill level 8 in Maces & Flails
  3747 | D:5      | Gained mutation: You can breathe flames. [potion of beneficial mutation]
  3769 | D:5      | Reached XP level 8. HP: 31/76 MP: 2/2
  3785 | D:5      | Reached skill level 9 in Maces & Flails
  3970 | D:6      | Noticed Edmund
  3991 | D:6      | Killed Edmund
  3994 | D:6      | Acquired Trog's third power
  4028 | D:6      | Found a snail-covered altar of Cheibriados.
  4031 | D:6      | Found a glowing golden altar of the Shining One.
  4157 | D:6      | Reached skill level 10 in Maces & Flails
  4437 | D:6      | Noticed Duvessa
  4437 | D:6      | Noticed Dowan
  4443 | D:6      | Killed Duvessa
  4443 | D:6      | Reached XP level 9. HP: 67/83 MP: 3/3
  4458 | D:6      | Killed Dowan
  4670 | D:7      | Reached skill level 11 in Maces & Flails
  4675 | D:7      | Noticed Ijyb
  4684 | D:7      | Killed Ijyb
  5435 | D:7      | Found an iron altar of Okawaru.
  5456 | D:7      | Received a gift from Trog
  5460 | D:7      | Got an encrusted giant spiked club {god gift}
  5461 | D:7      | Identified the cursed giant spiked club of Dunoh {god gift, flame, Hunger Stlth} (Trog gifted it to you on level 7 of the Dungeon)
  5499 | D:8      | Noticed an elephant
  5499 | D:8      | Noticed an elephant
  5499 | D:8      | Noticed an elephant
  5500 | D:8      | Noticed an elephant
  5501 | D:8      | Noticed an elephant
  5505 | D:8      | Killed an elephant
  5505 | D:8      | Reached skill level 12 in Maces & Flails
  5506 | D:8      | Noticed an elephant
  5510 | D:8      | Killed an elephant
  5516 | D:8      | Killed an elephant
  5526 | D:8      | Killed an elephant
  5526 | D:8      | Reached skill level 13 in Maces & Flails
  5526 | D:8      | Reached XP level 10. HP: 8/92 MP: 3/3
  5528 | D:8      | Killed an elephant
  5532 | D:8      | HP: 3/92 [orange rat (5)]
  5535 | D:8      | Mangled by an orange rat

Action                   |  1- 3 |  4- 6 |  7- 9 | 10-12 || total
-------------------------+-------+-------+-------+-------++-------
Melee: Mace              |   187 |   196 |   273 |       ||   656
       Giant club        |       |       |   174 |       ||   174
Invok: Berserk           |       |     1 |     9 |       ||    10
       Brothers in Arms  |       |       |     1 |       ||     1
 Abil: Breathe Fire      |       |       |     1 |       ||     1
  Use: Potion            |       |       |    13 |       ||    13
       Scroll            |       |       |    15 |     1 ||    16
